AoeStats
← Křovák

Nomad

503149529Analyzed
1v1 RM · 1mo ago on Aug 30, 2026· 42m 31s· 2 players
Game mode
Random Map
Map size
126×126
Population
200
Speed
Normal
Resources
Standard
Victory
Conquest
Starting age
Dark Age
Ending age
Imperial Age
RankedLock teamsTeams togetherTeam positionsShared explorationLock speedFull tech treeHidden civsTurbo modeCheats
Victory
Defeat
🇨🇿 Huns · Czechia
902
+15
🇫🇷 Japanese · France
891
-15
JiHess
9:58 Loom
14:10 Feudal Age
16:38 Double-Bit Axe
20:58 Fletching
23:10 Wheelbarrow
26:06 Castle Age
27:43 Forging
27:33 Elite Skirmisher
31:52 Hand Cart
31:47 Scale Barding Armor
31:46 Town Watch
34:40 Gold Mining
35:45 Bodkin Arrow
37:15 Padded Archer Armor
37:36 Chain Barding Armor
37:50 Town Patrol
40:32 Ballistics
43:14 Imperial Age
42:14 Iron Casting
42:40 Leather Archer Armor
Křovák
12:34 Loom
14:27 Feudal Age
16:12 Double-Bit Axe
20:55 Castle Age
23:18 Bow Saw
26:37 Padded Archer Armor
26:28 Fletching
27:11 Town Watch
34:24 Horse Collar
35:18 Bodkin Arrow
35:38 Leather Archer Armor
40:34 Imperial Age
Connection lost

Rejoining the realm…

Still unreachable

The connection could not be restored.

Session expired

The server has moved on; the page needs a fresh start.